 Dungeon Crawl Stone Soup version 0.30-a0-603-g51a0fb1b98 (webtiles) character file.

Game seed: 14333498904670513399

1057 HoaS the Skirmisher (level 7, -1/53 HPs)
             Began as a Demigod Hunter on Jan 7, 2023.
             Slain by an ufetubus (2 damage)
             ... summoned by Eustachio
             ... on level 4 of the Dungeon.
             The game lasted 00:11:40 (5605 turns).

HoaS the Skirmisher (Demigod Hunter)                Turns: 5605, Time: 00:11:40

Health: -1/53      AC:  5    Str: 12      XL:     7   Next: 77%
Magic:  0/9        EV: 12    Int: 11      God:
Gold:   666        SH:  0    Dex: 23 (25) Spells: 6/6 levels left

rFire   . . .      SeeInvis .    a - +1 shortbow
rCold   . . .      Faith    .    (shield currently unavailable)
rNeg    . . .      Spirit   +    c - +0 leather armour
rPois   .          Reflect  .    e - +1 helmet
rElec   .          Harm     .    (no cloak)
rCorr   +          Rampage  .    (no gloves)
Will    +....                    (no boots)
Stlth   ++                       f - amulet of guardian spirit
HPRegen 0.28/turn                i - ring of willpower
MPRegen 0.11/turn                j - ring of resist corrosion

@: no status effects
A: high MP 1, forlorn, divine attributes
a: no special abilities


You were on level 4 of the Dungeon.
You visited 1 branch of the dungeon, and saw 5 of its levels.
You also visited: Sewer.

You collected 666 gold pieces.

Inventory:

Hand Weapons
 a - a +1 shortbow (weapon)
Armour
 c - a +0 leather armour (worn)
 e - a +1 helmet (worn)
Jewellery
 f - an amulet of guardian spirit (around neck)
 i - a ring of willpower (left hand)
 j - a ring of resist corrosion (right hand)
Wands
 d - a wand of flame (12)
 q - a wand of quicksilver (10)
 r - a wand of roots (4)
Scrolls
 b - 3 scrolls of immolation
 l - 2 scrolls of fog
Potions
 g - a potion of mutation {unknown}
 h - 3 potions of cancellation
 k - a potion of flight
 m - 3 potions of curing
 n - a potion of invisibility
 o - a potion of attraction
 t - a potion of heal wounds {unknown}


   Skills:
 - Level 1.7 Fighting
 + Level 9.4 Ranged Weapons
 - Level 1.7 Dodging
 - Level 0.8 Stealth


You had 6 spell levels left.
You didn't know any spells.
Your spell library contained the following spells:

 Spells                   Type           Power      Damage    Failure   Level
 Ensorcelled Hibernation  Hex/Ice        0%         N/A       56%         2
 Call Canine Familiar     Summ           0%         N/A       80%         3
 Portal Projectile        Hex/Tloc       0%         N/A       80%         3
 Spider Form              Tmut/Pois      0%         N/A       80%         3
 Anguish                  Hex/Necr       0%         N/A       99%         4
 Leda's Liquefaction      Hex/Erth       0%         N/A       99%         4
 Olgreb's Toxic Radiance  Pois           0%         N/A       99%         4
 Ozocubu's Refrigeration  Ice            0%         4d7       100%        7
 Ignition                 Fire           0%         3d3       100%        8


Dungeon Overview and Level Annotations

Branches:
Dungeon (5/15)              Sewer (visited)
 Temple: D:4-7

Annotations:
D:4 Eustachio
D:5 Blork the orc, Pikel


Innate Abilities, Weirdness & Mutations

You have an increased reservoir of magic. (+10% MP)
You shall have no god before yourself.
Your divine heritage dramatically boosts your attributes as you level up.


Message History

The quasit claws you but does no damage.
Fire: a) +1 shortbow
Press: ? - help, Q - select action, (/) - cycle Shift-Dir - straight line, f/p - Eustachio
Aim: Eustachio, wielding a +0 rapier and wearing a +0 leather armour (blue smoke, severely wounded, 60% to hit)
You shoot an arrow.
The arrow hits Eustachio but does no damage.
Eustachio is severely wounded.
The quasit barely misses you. The quasit closely misses you.
The quasit barely misses you. The river rat bites you.
The river rat barely misses you. Eustachio barely misses you.
Fire: a) +1 shortbow
Press: ? - help, Q - select action, (/) - cycle Shift-Dir - straight line, f/p - Eustachio
Aim: Eustachio, wielding a +0 rapier and wearing a +0 leather armour (severely wounded, 60% to hit)
You shoot an arrow. The arrow hits Eustachio.
Eustachio is almost dead.
The quasit bites you but does no damage.
The quasit claws you but does no damage. x2
The river rat barely misses you. The shadow imp closely misses you.
The quasit bites you but does no damage.
The quasit closely misses you. The quasit claws you. The river rat bites you.
Eustachio hits you with a +0 rapier.
* * * LOW HITPOINT WARNING * * *
Fire: a) +1 shortbow
Press: ? - help, Q - select action, (/) - cycle Shift-Dir - straight line, f/p - Eustachio
Aim: Eustachio, wielding a +0 rapier and wearing a +0 leather armour (almost dead, 60% to hit)
You shoot an arrow. The arrow hits Eustachio.
Eustachio is almost dead.
The ufetubus misses you. The ufetubus barely misses you.
The river rat bites you!
* * * LOW HITPOINT WARNING * * *
The quasit completely misses you.
The quasit claws you but does no damage.
The quasit barely misses you. The shadow imp misses you.
The river rat bites you.
* * * LOW HITPOINT WARNING * * *
Eustachio hits you with a +0 rapier.
* * * LOW HITPOINT WARNING * * *
The ufetubus hits you but does no damage.
The ufetubus hits you.
You die...

##............
######.........#...
####...#.........##..#
#..............###...#
#.......##.....##...##
##..................##
##.................##
#.55r..............#
##r@@r(........>....
#..r5..........##..#
##.............##...
##................#
##.##.............
###..............
###..#.............
##..................
#...................


You could see Eustachio, a quasit (summoned), 3 river rats, a shadow imp
(summoned), an ufetubus (summoned) and a rat (summoned).

Vanquished Creatures
  Sigmund (D:2)
  Edmund (D:5)
  4 lemures (D:5)
  A necrophage (D:5)
  2 bullfrogs (Sewer)
  2 scorpions
  An orc priest (D:5)
  4 hounds
  Terence (D:2)
  An iguana (D:5)
  An orc wizard (D:5)
  12 adders
  A river rat (D:5)
  A worm (D:3)
  3 dart slugs
  4 orcs
  20 ball pythons
  3 bats
  12 endoplasms
  10 giant cockroaches
  7 goblins
  10 hobgoblins
  6 kobolds
  10 quokkas
  8 frilled lizards
  5 rats
131 creatures vanquished.

Notes
Turn   | Place    | Note
-------+----------+-------------------------------------------
     0 | D:1      | HoaS the Demigod Hunter began the quest for the Orb.
     0 | D:1      | Reached XP level 1. HP: 17/17 MP: 3/3
   303 | D:1      | Reached skill level 4 in Ranged Weapons
   380 | D:1      | Reached XP level 2. HP: 24/24 MP: 4/4
   874 | D:2      | Reached XP level 3. HP: 25/29 MP: 5/5
  1031 | D:2      | Noticed Sigmund
  1238 | D:2      | Noticed Terence
  1262 | D:2      | Killed Terence
  1263 | D:2      | Reached skill level 5 in Ranged Weapons
  1374 | D:2      | Reached XP level 4. HP: 36/36 MP: 6/6
  1736 | D:3      | Identified a scroll of acquirement
  1736 | D:3      | Acquired 520 gold pieces
  2993 | D:2      | Killed Sigmund
  2994 | D:2      | Reached skill level 6 in Ranged Weapons
  2994 | D:2      | Reached XP level 5. HP: 28/41 MP: 4/7
  3308 | D:4      | Reached XP level 6. HP: 48/48 MP: 8/8
  3323 | D:4      | Reached skill level 7 in Ranged Weapons
  3866 | D:5      | Entered Level 5 of the Dungeon
  4038 | D:5      | Reached skill level 8 in Ranged Weapons
  4061 | D:5      | Reached XP level 7. HP: 50/53 MP: 7/9
  4143 | D:5      | Found a glowing drain.
  4157 | Sewer    | Entered a sewer
  4907 | Sewer    | Reached skill level 9 in Ranged Weapons
  5079 | D:5      | Noticed Pikel
  5202 | D:5      | Noticed Edmund
  5205 | D:5      | Noticed Eustachio
  5227 | D:5      | Killed Edmund
  5579 | D:5      | Noticed Blork the orc
  5605 | D:4      | HP: 1/53 [Eustachio/+0 rapier (3)]
  5605 | D:4      | Slain by an ufetubus

Illustrated notes

Levels and vault maps discovered:
D:1:      heliophobic_arrival_enchanted_forest, layout_basic, serial_forest,
          infiniplex_forest_clump_large, infiniplex_forest_clump_medium,
          infiniplex_forest_straight_2, infiniplex_forest_clump_small,
          lemuel_flame_loot_1
D:2:      layout_loops_cross, hangedman_decor_lopped, minmay_misc_feat_plants,
          uniq_terence, uniq_sigmund
D:3:      layout_basic, chequers_big_river, hex_tiny, chequers_mini_garden
D:4:      layout_cave_pools
D:5:      layout_basic, general_overflow_altar, portal_sewer_entry_a,
          uniq_pikel, uniq_edmund, uniq_blork_the_orc, uniq_eustachio

Skill      XL: |  1  2  3  4  5  6  7 |
---------------+----------------------+-----
Ranged Weapons | 4 5 6 8 9 |  9.4
Fighting       | |  1.7
Dodging        | |  1.7
Stealth        | |  0.8

Action                   |  1- 3 |  4- 6 |  7- 9 || total
-------------------------+-------+-------+-------++-------
 Fire: Shortbow          |    75 |   127 |   196 ||   398
  Use: Scroll            |       |    14 |     4 ||    18
Armor: Leather armour    |     6 |    13 |    41 ||    60
Dodge: Dodged            |    17 |    32 |    74 ||   123

Table legend: (Time is in decaauts)
 A = Elapsed time spent in this place.
 B = Non-inter-level travel time spent in this place.
 C = Inter-level travel time spent in this place.
 D = Time resting spent in this place.
 E = Time spent auto-exploring this place.
 F = Levels seen in this place.
 G = Mean time per level.
                   A        B        C        D        E       F      G
               +--------+--------+--------+--------+--------+-----+--------+
         Total |   5787 |   5660 |    127 |   1542 |   3101 |   6 |  964.5 |
       Dungeon |   4899 |   4772 |    127 |   1107 |   2895 |   5 |  979.8 |
         Sewer |    887 |    887 |      0 |    435 |    206 |   1 |  887.0 |
               +--------+--------+--------+--------+--------+-----+--------+

Top non-repeatable levels by time:
     D:3: 1239 daAuts
     D:2: 1234 daAuts
   Sewer: 887 daAuts
     D:5: 876 daAuts
     D:1: 832 daAuts
     D:4: 716 daAuts
